[Event "Titled Tuesday Blitz June 27 Late 2023"]
[White "Golubev, Mikhail"]
[Black "Blackwhite017"]
[WhiteFideId "14100983"]
[WhiteElo "2543"]
[BlackElo "2085"]
[Result "1-0"]
[Round "1"]
[TimeControl "180+2"]
[Date "2023.06.27"]
[WhiteClock "0:00:05"]
[BlackClock "0:00:14"]
[Board "181"]

1. e4 c5 2. Nf3 d6 3. d4 cxd4 4. Nxd4 Nf6 5. Nc3 g6 6. Be3 Bg7 7. f3 O-O 8. Qd2 Nc6 9. Bc4 Bd7 10. h4 Qa5 11. Bb3 Rfc8 12. O-O-O Ne5 13. g4 b5 14. h5 Nc4 15. Bxc4 bxc4 16. Bh6 Bh8 17. Nf5 Bxf5 18. gxf5 Rab8 19. Rdg1 Qb4 20. hxg6 Qxb2+ 21. Kd1 fxg6 22. fxg6 hxg6 23. Qg5 Kf7 24. Qxg6+ Ke6 25. Qf5+ Kf7 26. Bc1 Qxc3 27. Rh7+ Ke8 28. Rxh8+ Kf7 29. Rh7+ Ke8 30. Rh8+ Kf7 31. Rxc8 Qd4+ 32. Ke2 Rxc8 33. Qxc8 Qxg1 34. Qxc4+ Kg7 35. Be3 Qg2+ 36. Bf2 Nh5 37. Qc3+ Kf7 38. Qe3 Ng3+ 39. Kd3 Qf1+ 40. Kc3 Ne2+ 41. Kb2 Qc1+ 42. Qxc1 Nxc1 43. Kxc1 1-0


[Site "https://www.chess.com"]

[Event "Titled Tuesday Blitz June 27 Late 2023"]
[White "Schain, Randolph"]
[Black "Perez, Maximiliano"]
[WhiteFideId "2003139"]
[BlackFideId "117234"]
[WhiteElo "2085"]
[BlackElo "2543"]
[Result "0-1"]
[Round "1"]
[TimeControl "180+2"]
[Date "2023.06.27"]
[WhiteClock "0:01:22"]
[BlackClock "0:01:57"]
[Board "182"]

1. e4 c5 2. Nf3 Nc6 3. d4 cxd4 4. Nxd4 e5 5. Nxc6 bxc6 6. Nc3 Nf6 7. Bg5 h6 8. Bh4 Rb8 9. Bc4 Be7 10. Bxf6 Bxf6 11. O-O O-O 12. Bb3 Bg5 13. Qd6 Ba6 14. Rfd1 Qb6 15. Qxe5 Kh8 16. Rxd7 Rbe8 17. Qf5 Bc8 18. Bxf7 Bxd7 19. Qxd7 Re7 20. Qg4 Rexf7 21. h4 Rxf2 22. Kh1 Rf1+ 23. Rxf1 Rxf1+ 24. Kh2 Qg1+ 25. Kg3 Bf4+ 0-1


[Site "https://www.chess.com"]

[Event "Titled Tuesday Blitz June 27 Late 2023"]
[White "O`Gorman, Tom"]
[Black "Bongo Akanga Ndjila, Barthelemy"]
[WhiteFideId "2508249"]
[BlackFideId "10609431"]
[WhiteElo "2543"]
[BlackElo "2081"]
[Result "1-0"]
[Round "1"]
[TimeControl "180+2"]
[Date "2023.06.27"]
[WhiteClock "0:01:45"]
[BlackClock "0:00:19"]
[Board "183"]

1. e4 c6 2. Nc3 d5 3. Nf3 dxe4 4. Nxe4 Nf6 5. Qe2 Bf5 6. Nxf6+ gxf6 7. d4 e6 8. g3 Bg4 9. c3 Bd6 10. Bg2 Nd7 11. O-O Qc7 12. h3 Bf5 13. Nh4 Bg6 14. c4 c5 15. d5 O-O-O 16. dxe6 fxe6 17. Nxg6 hxg6 18. Qxe6 Rde8 19. Qg4 g5 20. Bd2 Kb8 21. Bc3 Be5 22. Rac1 Bxc3 23. Rxc3 Ne5 24. Qf5 Rhf8 25. Rb3 Nc6 26. Qxc5 Kc8 27. Bxc6 Qxc6 28. Qxc6+ bxc6 29. Re3 Rxe3 30. fxe3 f5 31. Kf2 f4 32. exf4 gxf4 33. Kg2 Re8 34. Rxf4 Re2+ 35. Rf2 Re4 36. b3 Kc7 37. h4 Kd6 38. Kf3 Re1 39. g4 Rg1 40. h5 Kc5 41. Rh2 Rf1+ 42. Ke4 Rg1 43. Kf5 Rf1+ 44. Kg5 Kb4 45. h6 Rf7 46. h7 1-0


[Site "https://www.chess.com"]

[Event "Titled Tuesday Blitz June 27 Late 2023"]
[White "Allam, Yara"]
[Black "JackRodgers"]
[WhiteFideId "10615709"]
[WhiteElo "2070"]
[BlackElo "2542"]
[Result "0-1"]
[Round "1"]
[TimeControl "180+2"]
[Date "2023.06.27"]
[WhiteClock "0:00:37"]
[BlackClock "0:00:22"]
[Board "184"]

1. e4 c5 2. Nf3 g6 3. d4 cxd4 4. Nxd4 Bg7 5. Nc3 Nc6 6. Be3 Nf6 7. Nxc6 bxc6 8. e5 Ng8 9. f4 Nh6 10. Qd2 d6 11. O-O-O d5 12. h3 Nf5 13. Bf2 e6 14. g4 Ne7 15. Bc5 a5 16. Ne4 O-O 17. Nf6+ Kh8 18. h4 Re8 19. h5 Ng8 20. Nxh7 Kxh7 21. hxg6+ Kxg6 22. Bd3+ f5 23. exf6+ Kxf6 24. Qc3+ Kf7 25. Rh7 Nf6 26. g5 Nxh7 27. Bxh7 Bxc3 28. g6+ Kg7 29. bxc3 e5 30. fxe5 Qg5+ 31. Kb1 Rb8+ 32. Ka1 Bf5 33. Bd4 Re6 34. Rg1 Qxg1+ 35. Bxg1 Bxg6 0-1


[Site "https://www.chess.com"]

[Event "Titled Tuesday Blitz June 27 Late 2023"]
[White "Manukyan, Artyom"]
[Black "Aqib Javaid Butt"]
[WhiteFideId "13305786"]
[BlackFideId "7801262"]
[WhiteElo "2541"]
[BlackElo "2020"]
[Result "1-0"]
[Round "1"]
[TimeControl "180+2"]
[Date "2023.06.27"]
[WhiteClock "0:00:50"]
[BlackClock "0:00:45"]
[Board "185"]

1. Nf3 d5 2. c4 c6 3. g3 Nf6 4. Bg2 g6 5. O-O Bg7 6. d4 O-O 7. cxd5 cxd5 8. Ne5 Nbd7 9. Nc3 e6 10. f4 Ne8 11. Be3 f6 12. Nxd7 Bxd7 13. Rc1 Nd6 14. g4 Nc4 15. Bf2 Nxb2 16. Qb3 Nc4 17. Rfd1 Na5 18. Qa3 Bc6 19. Qc5 Rc8 20. Qxa7 b6 21. Rb1 Nc4 22. Nb5 Bxb5 23. Rxb5 Ra8 24. Qb7 Rf7 25. Rxd5 exd5 26. Bxd5 Nd6 27. Qxa8 Qxa8 28. Bxa8 Ra7 29. Bd5+ Kf8 30. e4 Rxa2 1-0


[Site "https://www.chess.com"]

[Event "Titled Tuesday Blitz June 27 Late 2023"]
[White "Alberto, Manuel"]
[Black "Khamzin, Olzhas"]
[WhiteFideId "10100148"]
[BlackFideId "13701690"]
[WhiteElo "2008"]
[BlackElo "2540"]
[Result "0-1"]
[Round "1"]
[TimeControl "180+2"]
[Date "2023.06.27"]
[WhiteClock "0:00:35"]
[BlackClock "0:01:10"]
[Board "186"]

1. e4 d5 2. exd5 Qxd5 3. Nc3 Qa5 4. d4 Nf6 5. Nf3 c6 6. Be2 Bf5 7. O-O h6 8. a4 e6 9. Bf4 Nbd7 10. Ne5 Bb4 11. Nc4 Qd8 12. Nd6+ Bxd6 13. Bxd6 Nb6 14. Ba3 Nbd5 15. Nxd5 Nxd5 16. Bd3 Bxd3 17. Qxd3 Ne7 18. Qb3 Qc7 19. Qb4 a5 20. Qc5 b6 21. Qe5 Qxe5 22. dxe5 c5 23. c4 Nc6 24. f4 O-O-O 25. Rad1 Rxd1 26. Rxd1 Rd8 27. Rxd8+ Kxd8 28. Kf2 Nd4 29. Ke3 h5 30. g3 Ke7 31. h3 f6 32. exf6+ Kxf6 33. g4 hxg4 34. hxg4 e5 35. Ke4 exf4 36. Kxf4 g5+ 37. Ke4 Ke6 38. b4 axb4 39. Bxb4 cxb4 40. Kxd4 Kd6 41. Ke4 Kc5 42. Kd3 b3 43. Kc3 b2 44. Kxb2 Kxc4 45. Ka3 Kc3 46. a5 bxa5 47. Ka4 Kd4 48. Kxa5 Ke4 49. Kb4 Kf4 50. Kc3 Kxg4 51. Kd2 Kh3 52. Ke1 g4 53. Kf1 Kh2 54. Kf2 g3+ 0-1


[Site "https://www.chess.com"]

[Event "Titled Tuesday Blitz June 27 Late 2023"]
[White "Leenhouts, Koen"]
[Black "Sainz Aguirre, Ignacio"]
[WhiteFideId "1008439"]
[BlackFideId "5101727"]
[WhiteElo "2539"]
[BlackElo "1978"]
[Result "1-0"]
[Round "1"]
[TimeControl "180+2"]
[Date "2023.06.27"]
[WhiteClock "0:00:29"]
[BlackClock "0:00:02"]
[Board "187"]

1. d4 d5 2. c4 e6 3. Nf3 Nf6 4. g3 dxc4 5. Bg2 Nbd7 6. O-O Rb8 7. a4 a6 8. a5 c5 9. Nc3 Be7 10. Bf4 Ra8 11. d5 Nxd5 12. Nxd5 exd5 13. Qxd5 O-O 14. Qxc4 Nf6 15. Rfd1 Qe8 16. Qc2 Qb5 17. Ng5 h6 18. Ne4 Nxe4 19. Qxe4 Bf6 20. Bd6 Re8 21. Qc2 Rxe2 22. Rd2 Bf5 23. Rxe2 Bxc2 24. Rxc2 Bd4 25. Rac1 Re8 26. Bxc5 Bxc5 27. Rxc5 Qxb2 28. Rc7 Re2 29. Rf1 g6 30. Bd5 Qf6 31. Rxf7 Qxf7 32. Bxf7+ Kxf7 33. Rb1 Ra2 34. Rxb7+ Kf8 35. Rb6 Rxa5 36. Rxg6 h5 37. h4 Ra2 38. Kg2 a5 39. Rg5 a4 40. Rxh5 a3 41. Ra5 Ra1 42. g4 a2 43. h5 Kg7 44. Ra6 Kh7 45. g5 Kg7 46. Ra7+ Kf8 47. h6 Kg8 48. g6 1-0


[Site "https://www.chess.com"]

[Event "Titled Tuesday Blitz June 27 Late 2023"]
[White "NtcPou"]
[Black "Droin, Augustin"]
[BlackFideId "45105987"]
[WhiteElo "1973"]
[BlackElo "2539"]
[Result "0-1"]
[Round "1"]
[TimeControl "180+2"]
[Date "2023.06.27"]
[WhiteClock "0:00:02"]
[BlackClock "0:02:10"]
[Board "188"]

1. e4 c5 2. Nf3 d6 3. Bb5+ Nd7 4. a4 Nf6 5. Nc3 g6 6. O-O Bg7 7. d4 cxd4 8. Nxd4 O-O 9. Re1 a6 10. Bf1 Qc7 11. h3 b6 12. Be3 Bb7 13. f3 Ne5 14. Bd3 Rac8 15. Qe2 Nc4 16. Bxc4 Qxc4 17. Qxc4 Rxc4 18. Nce2 d5 19. e5 Nd7 20. f4 e6 21. c3 Rc7 22. a5 b5 23. Rec1 Rfc8 24. Nc2 Bh6 25. g3 Nc5 26. Bxc5 Rxc5 27. Ned4 g5 28. f5 g4 29. Rd1 gxh3 30. Kh2 exf5 31. Nxf5 Bg7 32. Nxg7 Kxg7 33. Kxh3 d4 34. Nxd4 Rxe5 35. Rf1 Rcc5 36. Rf4 Rh5+ 37. Rh4 Rce5 38. Rf1 Bc8+ 39. Kg2 Rxh4 40. gxh4 f5 41. Kg3 Kf6 42. Rf2 Re4 43. Re2 Rg4+ 44. Kh3 f4 45. Nf3 Rg3+ 46. Kh2 Rxf3 47. h5 Rh3+ 48. Kg2 f3+ 0-1


[Site "https://www.chess.com"]

[Event "Titled Tuesday Blitz June 27 Late 2023"]
[White "Hajiyev, Kanan"]
[Black "Dmitriev, Sergey"]
[WhiteFideId "13404148"]
[BlackFideId "14101785"]
[WhiteElo "2538"]
[BlackElo "1938"]
[Result "1-0"]
[Round "1"]
[TimeControl "180+2"]
[Date "2023.06.27"]
[WhiteClock "0:00:26"]
[BlackClock "0:00:42"]
[Board "189"]

1. d4 d6 2. Nf3 g6 3. g3 Bg7 4. Bg2 Nf6 5. O-O b6 6. b3 Bb7 7. Bb2 Nbd7 8. c4 O-O 9. d5 e5 10. dxe6 fxe6 11. Nc3 e5 12. Ng5 Bxg2 13. Kxg2 Qe7 14. Nd5 Nxd5 15. Qxd5+ Kh8 16. h4 Rae8 17. Rad1 h6 18. Ne4 Nf6 19. Qb7 Nxe4 20. Qxe4 Qe6 21. a4 a5 22. e3 Rf7 23. Rd2 Ref8 24. Rh1 Qf5 25. Qxf5 gxf5 26. Kf3 e4+ 27. Ke2 Bxb2 28. Rxb2 Rd7 29. Rd1 Rfd8 30. Rd5 Rf7 31. Rbd2 Kg7 32. Rc2 Kf6 33. c5 bxc5 34. Rcxc5 Rfd7 35. Rxf5+ Ke6 36. Rxa5 c5 37. Rh5 Rh8 38. g4 Rb7 39. Rb5 Kd7 40. Rxb7+ 1-0


[Site "https://www.chess.com"]

[Event "Titled Tuesday Blitz June 27 Late 2023"]
[White "Burke, Paul"]
[Black "Suder, Jakub"]
[WhiteFideId "2605767"]
[BlackFideId "1195310"]
[WhiteElo "1926"]
[BlackElo "2536"]
[Result "0-1"]
[Round "1"]
[TimeControl "180+2"]
[Date "2023.06.27"]
[WhiteClock "0:00:33"]
[BlackClock "0:02:00"]
[Board "190"]

1. e4 c5 2. Nf3 e6 3. d4 cxd4 4. c3 Nf6 5. Bd3 dxc3 6. Nxc3 d5 7. e5 Nfd7 8. Bf4 Nc6 9. Qe2 Nc5 10. Bb1 d4 11. Ne4 d3 12. Qe3 Qa5+ 13. Nfd2 Nb3 14. axb3 Qxa1 15. O-O Qxb2 16. Bxd3 Qd4 17. Qg3 Nb4 18. Bb5+ Bd7 19. Bxd7+ Qxd7 20. Nd6+ Bxd6 21. exd6 Nd5 22. Qxg7 O-O-O 23. Rc1+ Kb8 24. Rc7 Qb5 25. Qxf7 Rhf8 0-1


[Site "https://www.chess.com"]

[Event "Titled Tuesday Blitz June 27 Late 2023"]
[White "Krishnan, Varun"]
[Black "Vargas, Mauricio"]
[WhiteFideId "5054508"]
[BlackFideId "4404572"]
[WhiteElo "2534"]
[BlackElo "1837"]
[Result "1-0"]
[Round "1"]
[TimeControl "180+2"]
[Date "2023.06.27"]
[WhiteClock "0:01:03"]
[BlackClock "0:00:00"]
[Board "191"]

1. g3 e5 2. Bg2 Nc6 3. c4 f5 4. d3 Nf6 5. Nc3 Bb4 6. Bd2 Bxc3 7. Bxc3 d6 8. e3 O-O 9. Ne2 Qe8 10. b4 Ne7 11. Qb3 Kh8 12. a4 Qh5 13. a5 a6 14. b5 axb5 15. cxb5 Ng4 16. h3 Nxf2 17. Kxf2 f4 18. exf4 exf4 19. Nxf4 Ng6 20. Bf3 Qg5 21. Nxg6+ Qxg6 22. Kg2 Qxd3 23. Bxg7+ 1-0


[Site "https://www.chess.com"]

[Event "Titled Tuesday Blitz June 27 Late 2023"]
[White "Munoz Misselis, Nelson Carlos"]
[Black "Chor, Kevin"]
[WhiteFideId "6601790"]
[BlackFideId "2090740"]
[WhiteElo "1759"]
[BlackElo "2532"]
[Result "0-1"]
[Round "1"]
[TimeControl "180+2"]
[Date "2023.06.27"]
[WhiteClock "0:00:00"]
[BlackClock "0:02:22"]
[Board "192"]

1. d4 Nf6 2. c4 g6 3. Nf3 Bg7 4. e3 O-O 5. Nc3 d6 6. Bd3 Nbd7 7. O-O b6 8. Qe2 Bb7 9. Bd2 e5 10. dxe5 dxe5 11. Bc2 Qe7 12. Rad1 Nc5 13. b3 a5 14. Nb5 Nfe4 15. Bxe4 Bxe4 16. Ne1 f5 17. f3 Bb7 18. Nc3 Rad8 19. Bc1 c6 20. Rxd8 Rxd8 0-1


[Site "https://www.chess.com"]

[Event "Titled Tuesday Blitz June 27 Late 2023"]
[White "Vetoshko, Volodymyr"]
[Black "Carlsen, Magnus"]
[WhiteFideId "14122480"]
[BlackFideId "1503014"]
[WhiteElo "2672"]
[BlackElo "3293"]
[Result "0-1"]
[Round "2"]
[TimeControl "180+2"]
[Date "2023.06.27"]
[WhiteClock "0:00:00"]
[BlackClock "0:00:44"]
[Board "1"]

1. b3 c5 2. c4 Nc6 3. Bb2 Nf6 4. Nf3 d5 5. cxd5 Nxd5 6. g3 f6 7. Bg2 e5 8. d3 Be7 9. O-O O-O 10. Nc3 Be6 11. Rc1 Nxc3 12. Bxc3 Qd7 13. Nd2 b5 14. Bb2 Rac8 15. Ne4 Nb4 16. a3 Nd5 17. Qc2 Nb6 18. Rfd1 Rfd8 19. Ba1 Qe8 20. Qb1 Qf7 21. Nd2 Bf8 22. h4 Rb8 23. Rf1 a5 24. Qc2 c4 25. dxc4 Bxa3 26. Rcd1 bxc4 27. bxc4 Rdc8 28. Be4 g6 29. h5 gxh5 30. Bf5 Nxc4 31. Bxe6 Qxe6 32. Nxc4 Rxc4 33. Qd3 Bb4 34. Qf3 h4 35. Kh2 Kh8 36. Rg1 Rg8 37. e4 hxg3+ 38. Rxg3 Rcc8 39. Rdg1 Rxg3 40. Rxg3 Rg8 41. Rh3 Rg6 42. Qh5 Qg8 43. Qf3 Bd2 44. Bb2 Bf4+ 0-1


[Site "https://www.chess.com"]

[Event "Titled Tuesday Blitz June 27 Late 2023"]
[White "Nakamura, Hikaru"]
[Black "Veiga, Jose Francisco R P Neves"]
[WhiteFideId "2016192"]
[BlackFideId "1930087"]
[WhiteElo "3212"]
[BlackElo "2672"]
[Result "1-0"]
[Round "2"]
[TimeControl "180+2"]
[Date "2023.06.27"]
[WhiteClock "0:01:25"]
[BlackClock "0:00:01"]
[Board "2"]

1. e4 e6 2. d4 d5 3. Nd2 dxe4 4. Nxe4 Bd7 5. Nf3 Bc6 6. Bd3 Nd7 7. Qe2 Be7 8. O-O Ngf6 9. Neg5 O-O 10. Ne5 h6 11. Nxc6 bxc6 12. Nf3 c5 13. Rd1 cxd4 14. Nxd4 Bd6 15. Nc6 Qe8 16. b4 Nb6 17. b5 a6 18. Bb2 Nbd5 19. c4 Nf4 20. Qf3 Nxd3 21. Rxd3 Nd7 22. Qg4 f6 23. Re1 e5 24. a4 Nc5 25. Rg3 Qf7 26. Bc1 h5 27. Qf5 Qxc4 28. Qxh5 Qf7 29. Qh4 e4 30. Rh3 Qg6 31. Bf4 Kf7 32. Bxd6 cxd6 33. Qf4 f5 34. Rc3 Qf6 35. Rxc5 dxc5 36. Qc7+ Kg8 37. b6 Rf7 38. b7 Rxc7 39. bxa8=Q+ Kh7 40. Nb8 Rc8 41. Qb7 Qd8 42. Nc6 Qe8 43. Ne7 Rd8 44. Nxf5 e3 45. Qxg7# 1-0


[Site "https://www.chess.com"]

[Event "Titled Tuesday Blitz June 27 Late 2023"]
[White "Antonica, Dragos-Andrei"]
[Black "Nihal Sarin"]
[WhiteFideId "1246372"]
[BlackFideId "25092340"]
[WhiteElo "2671"]
[BlackElo "3122"]
[Result "0-1"]
[Round "2"]
[TimeControl "180+2"]
[Date "2023.06.27"]
[WhiteClock "0:00:03"]
[BlackClock "0:00:30"]
[Board "3"]

1. d4 Nf6 2. Nf3 c5 3. e3 d5 4. dxc5 e6 5. Nbd2 Bxc5 6. Bd3 O-O 7. O-O Nc6 8. c3 h6 9. b4 Bd6 10. Bb2 b6 11. a3 a5 12. b5 Ne5 13. Nxe5 Bxe5 14. Nf3 Bd6 15. c4 Bb7 16. cxd5 Bxd5 17. Qe2 Ne4 18. Rfd1 Qe7 19. Nd4 Rac8 20. Nc6 Qh4 21. g3 Qh3 22. f3 Ng5 23. e4 Bxc6 24. bxc6 Rxc6 25. e5 Bc5+ 26. Kh1 Qh5 27. Rf1 Rd8 28. Rad1 Rcc8 29. Kg2 Qh3+ 30. Kh1 Nh7 31. Qe4 Nf8 32. Ba6 Ng6 33. Bxc8 Rd2 0-1


[Site "https://www.chess.com"]

[Event "Titled Tuesday Blitz June 27 Late 2023"]
[White "Firouzja, Alireza"]
[Black "Cuenca Jimenez, Jose Fernando"]
[WhiteFideId "12573981"]
[BlackFideId "2255570"]
[WhiteElo "3115"]
[BlackElo "2670"]
[Result "1-0"]
[Round "2"]
[TimeControl "180+2"]
[Date "2023.06.27"]
[WhiteClock "0:01:41"]
[BlackClock "0:01:00"]
[Board "4"]

1. d4 d6 2. e4 Nf6 3. Nc3 e5 4. dxe5 dxe5 5. Qxd8+ Kxd8 6. Bc4 Bb4 7. Bxf7 Rf8 8. Bb3 Nxe4 9. Ne2 Nc5 10. Bg5+ Ke8 11. O-O-O Nxb3+ 12. axb3 Bd6 13. Ne4 h6 14. Nxd6+ cxd6 15. Be3 Ke7 16. Nc3 Be6 17. Nb5 Rc8 18. Nxd6 Rc6 19. Nxb7 Nd7 20. Na5 Rc7 21. b4 Rac8 22. c3 Nb6 23. Bc5+ Kf7 24. Bd6 Rd7 25. Bxe5 Nc4 26. Rxd7+ Bxd7 27. Nxc4 Rxc4 28. Bd4 a6 29. Re1 Be6 30. Kd2 g6 31. Re5 Rc6 32. Rc5 Rxc5 33. bxc5 Bd5 34. f3 Ke6 35. Ke3 h5 36. g4 Bc6 37. Kf4 Bd5 38. Kg3 Bc6 39. h3 Bd5 40. f4 Be4 41. f5+ gxf5 42. gxh5 f4+ 43. Kxf4 Bc2 44. Kg5 Be4 45. h6 a5 46. b4 a4 47. b5 Kd5 48. c6 Kc4 49. c7 1-0


[Site "https://www.chess.com"]

[Event "Titled Tuesday Blitz June 27 Late 2023"]
[White "Sai Krishna G V"]
[Black "Naroditsky, Daniel"]
[WhiteFideId "5028280"]
[BlackFideId "2026961"]
[WhiteElo "2668"]
[BlackElo "3103"]
[Result "0-1"]
[Round "2"]
[TimeControl "180+2"]
[Date "2023.06.27"]
[WhiteClock "0:00:37"]
[BlackClock "0:01:31"]
[Board "5"]

1. e4 Nf6 2. Nc3 e5 3. f4 d5 4. fxe5 Nxe4 5. Nf3 Bc5 6. d4 Bb4 7. Bd2 Nxd2 8. Qxd2 Be6 9. O-O-O h6 10. Rg1 c5 11. dxc5 Bxc5 12. Nxd5 Qxd5 13. Bb5+ Nc6 14. Qc3 Be3+ 15. Qxe3 Qxb5 16. Qa3 Qb4 0-1


[Site "https://www.chess.com"]

[Event "Titled Tuesday Blitz June 27 Late 2023"]
[White "Bluebaum, Matthias"]
[Black "Zamorano, Jorge"]
[WhiteFideId "24651516"]
[BlackFideId "173770"]
[WhiteElo "3066"]
[BlackElo "2666"]
[Result "1-0"]
[Round "2"]
[TimeControl "180+2"]
[Date "2023.06.27"]
[WhiteClock "0:02:41"]
[BlackClock "0:00:00"]
[Board "6"]

1. d4 Nf6 2. c4 e6 3. Nc3 Bb4 4. e3 O-O 5. Bd2 d5 6. Nf3 b6 7. cxd5 exd5 8. Rc1 a6 9. Bd3 Bb7 10. O-O Nbd7 11. Ne5 Re8 12. f4 Bxc3 13. Bxc3 Ne4 14. Bxe4 dxe4 15. Qb3 Nxe5 16. dxe5 Bd5 17. Qc2 1-0


[Site "https://www.chess.com"]

[Event "Titled Tuesday Blitz June 27 Late 2023"]
[White "Stoleriu, George"]
[Black "Mamedov, Rauf"]
[WhiteFideId "1227505"]
[BlackFideId "13401653"]
[WhiteElo "2662"]
[BlackElo "3060"]
[Result "0-1"]
[Round "2"]
[TimeControl "180+2"]
[Date "2023.06.27"]
[WhiteClock "0:00:00"]
[BlackClock "0:00:09"]
[Board "7"]

1. e4 c5 2. Nc3 Nc6 3. Bb5 Nd4 4. Bc4 a6 5. Nge2 b5 6. Bd5 Rb8 7. Nxd4 cxd4 8. Ne2 Nf6 9. Nxd4 e6 10. Bb3 Nxe4 11. O-O Bb7 12. d3 Nc5 13. Re1 Be7 14. Qg4 O-O 15. Bf4 Rc8 16. Re3 Bf6 17. Bd6 Re8 18. Rae1 g6 19. h4 h5 20. Qf4 Bxh4 21. Nf3 Bf6 22. Ne5 Nxb3 23. Rg3 Kg7 24. cxb3 Rh8 25. d4 Rh7 26. Kh2 Bd5 27. Ree3 Kg8 28. Rc3 Rxc3 29. Rxc3 Be7 30. Bxe7 Qxe7 31. Rc7 g5 32. Qg3 Qf6 33. Nxd7 Qd8 34. Qd6 Rg7 35. Qc5 Kh7 36. Ne5 Qf6 37. Rc8 Qf4+ 38. Kg1 Qe4 39. Nf3 g4 40. Qf8 gxf3 41. Qh8+ Kg6 42. Rg8 Rxg8 43. Qxg8+ Kf6 44. Qd8+ Kg7 45. Qg5+ Qg6 46. Qe5+ Kh7 47. g3 h4 48. Kf1 Qb1+ 0-1


[Site "https://www.chess.com"]

[Event "Titled Tuesday Blitz June 27 Late 2023"]
[White "Pranesh M"]
[Black "Karttunen, Mika"]
[WhiteFideId "35028600"]
[BlackFideId "502081"]
[WhiteElo "3031"]
[BlackElo "2654"]
[Result "1-0"]
[Round "2"]
[TimeControl "180+2"]
[Date "2023.06.27"]
[WhiteClock "0:01:57"]
[BlackClock "0:00:00"]
[Board "8"]

1. e4 c5 2. Nf3 d6 3. d4 cxd4 4. Nxd4 Nf6 5. Nc3 a6 6. Rg1 e5 7. Nb3 Be6 8. g4 h6 9. h4 g6 10. g5 Nfd7 11. h5 hxg5 12. hxg6 f6 13. Nd5 Rh4 14. Be3 Nc6 15. Qf3 Bg7 16. Bc4 Bxd5 17. Bxd5 Qc7 18. Bf7+ Ke7 19. O-O-O Rc8 20. c3 b5 21. Kb1 Nd8 22. Bd5 Nf8 23. Rxg5 Nde6 24. Rh5 Rxh5 25. Qxh5 a5 26. f4 b4 27. fxe5 bxc3 28. exd6+ Qxd6 29. bxc3 Rxc3 30. Bd2 Rxb3+ 31. axb3 a4 32. Qh3 1-0


[Site "https://www.chess.com"]

[Event "Titled Tuesday Blitz June 27 Late 2023"]
[White "Papp, Levente"]
[Black "Oparin, Grigoriy"]
[WhiteFideId "751243"]
[BlackFideId "24125890"]
[WhiteElo "2650"]
[BlackElo "3023"]
[Result "0-1"]
[Round "2"]
[TimeControl "180+2"]
[Date "2023.06.27"]
[WhiteClock "0:00:08"]
[BlackClock "0:01:22"]
[Board "10"]

1. b3 e5 2. Bb2 Nc6 3. c4 Nge7 4. Nc3 d5 5. cxd5 Nxd5 6. g3 Be6 7. Bg2 Be7 8. Nf3 O-O 9. O-O f6 10. d4 Nxc3 11. Bxc3 e4 12. Nd2 f5 13. e3 Bd6 14. f3 exf3 15. Qxf3 Bd7 16. Nc4 Qe7 17. Rae1 Rae8 18. Qd5+ Kh8 19. Nxd6 cxd6 20. e4 Be6 21. Qb5 a6 22. Qd3 fxe4 23. Rxf8+ Qxf8 24. Bxe4 Bg8 25. Bxc6 bxc6 26. Qxa6 Bd5 27. Qf1 Rxe1 28. Bxe1 Qe7 29. Bd2 h6 30. Qd3 Qe6 31. a4 Bxb3 32. a5 Bc4 33. Qe3 Qf5 34. h4 Qf1+ 35. Kh2 Bd5 36. Qg1 Qe2+ 37. Kh3 Qxd2 38. a6 Be6+ 39. g4 Qd3+ 40. Qg3 Qxa6 41. Qxd6 Qd3+ 42. Kh2 Qe2+ 43. Kg3 Qxg4+ 44. Kf2 Qxh4+ 45. Ke3 Qg5+ 46. Kd3 Bd5 47. Qf8+ Kh7 48. Kc2 h5 49. Qf2 h4 50. Kb2 h3 51. Qc2+ Qg6 52. Qh2 Qg2+ 0-1


[Site "https://www.chess.com"]

[Event "Titled Tuesday Blitz June 27 Late 2023"]
[White "Andreikin, Dmitry"]
[Black "Ashraf, Artin"]
[WhiteFideId "4158814"]
[BlackFideId "22514805"]
[WhiteElo "3022"]
[BlackElo "2647"]
[Result "1-0"]
[Round "2"]
[TimeControl "180+2"]
[Date "2023.06.27"]
[WhiteClock "0:00:13"]
[BlackClock "0:00:00"]
[Board "11"]

1. e4 c5 2. Nc3 d6 3. Nge2 Nf6 4. g3 g6 5. Bg2 Bg7 6. O-O O-O 7. d3 Nc6 8. h3 Rb8 9. a4 a6 10. f4 Bd7 11. g4 b5 12. axb5 axb5 13. Ng3 Ne8 14. Nd5 Nc7 15. Ne3 Ra8 16. Rxa8 Qxa8 17. e5 Qa1 18. exd6 exd6 19. Ne4 Bxb2 20. Nxd6 Bxc1 21. Qxc1 Qd4 22. Ne4 Nd5 23. Re1 Nxf4 24. c3 Qe5 25. Qd2 Be6 26. g5 Kg7 27. Rf1 Rd8 28. Ng4 Nxh3+ 29. Bxh3 Qxe4 30. Qf2 Qf5 31. Qh4 Qxd3 32. Qh6+ Kh8 33. Bg2 Qxc3 34. Nf6 Qe3+ 35. Kh1 1-0


[Site "https://www.chess.com"]

[Event "Titled Tuesday Blitz June 27 Late 2023"]
[White "Vlassov, Nikolai"]
[Black "Hakobyan, Aram"]
[WhiteFideId "4103360"]
[BlackFideId "13306677"]
[WhiteElo "2640"]
[BlackElo "3022"]
[Result "0-1"]
[Round "2"]
[TimeControl "180+2"]
[Date "2023.06.27"]
[WhiteClock "0:00:00"]
[BlackClock "0:00:07"]
[Board "12"]

1. e4 g6 2. Nc3 Bg7 3. h4 h5 4. Nf3 d6 5. Ng5 Nc6 6. Bc4 e6 7. d3 Nge7 8. a3 d5 9. Ba2 Ne5 10. Bf4 c6 11. d4 Ng4 12. f3 Nf6 13. e5 Nd7 14. Ne2 b6 15. c3 Ba6 16. Qd2 c5 17. b4 Rc8 18. Kf2 cxd4 19. cxd4 Bc4 20. Bb1 Nf5 21. g3 b5 22. Bxf5 gxf5 23. Rhc1 Nf8 24. Be3 Ng6 25. Nf4 Nxf4 26. Bxf4 O-O 27. Nh3 Qb6 28. Be3 Rc7 29. Nf4 f6 30. exf6 Bxf6 31. Nxh5 Bh8 32. Kg2 Rh7 33. Nf4 Rd8 34. Ng6 Bg7 35. Re1 e5 36. Ne7+ Kf8 37. Nxf5 e4 38. Nxg7 Kxg7 39. fxe4 dxe4 40. d5 Qg6 41. Bd4+ Kg8 42. Qf4 Rxd5 43. Rad1 Rf7 44. Qb8+ Rf8 45. Qxa7 e3 46. Rxe3 Rdf5 47. Rd2 Bd5+ 48. Kh3 Rf1 49. Qg7+ Qxg7 50. Bxg7 Rh1+ 51. Kg4 Rd8 52. Bf6 Be6+ 53. Rxe6 Rxd2 54. Be5 Re2 55. Kf5 Rhe1 0-1


[Site "https://www.chess.com"]

[Event "Titled Tuesday Blitz June 27 Late 2023"]
[White "Adewumi, Tanitoluwa"]
[Black "Salem, A.R. Saleh"]
[WhiteFideId "30966396"]
[BlackFideId "9301348"]
[WhiteElo "2635"]
[BlackElo "3007"]
[Result "0-1"]
[Round "2"]
[TimeControl "180+2"]
[Date "2023.06.27"]
[WhiteClock "0:01:33"]
[BlackClock "0:01:59"]
[Board "13"]

1. e4 c6 2. d4 d5 3. e5 Bf5 4. Nf3 e6 5. Be2 Nd7 6. O-O a5 7. a4 f6 8. Nh4 fxe5 9. Nxf5 exf5 10. dxe5 Nxe5 11. Re1 Qc7 12. Bh5+ g6 13. Bf4 Bd6 14. Bxe5 Bxe5 15. f4 O-O-O 16. Rxe5 gxh5 17. Qxh5 Qb6+ 18. Kf1 Qxb2 19. Qxf5+ Kb8 20. Re1 Qxa1 21. c3 Nh6 22. Qe5+ Ka8 23. Qc7 Qxa4 24. Nd2 Rc8 25. Qd6 Nf5 26. Qd7 Qxf4+ 0-1


[Site "https://www.chess.com"]